 Dungeon Crawl Stone Soup version 0.18.1-48-g4cf74bf (webtiles) character file.

330 Mesmaeker13 the Conjurer (level 6, -4/39 HPs)
             Began as a High Elf Conjurer on Sept 13, 2016.
             Slain by a troll (13 damage)
             ... on level 4 of the Dungeon.
             The game lasted 00:11:47 (4533 turns).

Mesmaeker13 the Conjurer (High Elf Conjurer)        Turns: 4533, Time: 00:11:48

Health: -4/39      AC:  2    Str:  8 (9)  XL:     6   Next: 26%
Magic:  7/13       EV: 14    Int: 18 (19) God:
Gold:   74         SH:  0    Dex: 16      Spells: 3 memorised, 7 levels left

rFire  . . .     SeeInvis .     g - +1 dagger
rCold  + . .     Gourm    .     a - +0 robe
rNeg   . . .     Faith    .     (no shield)
rPois  .         Spirit   .     (no helmet)
rElec  .         Dismiss  .     (no cloak)
rCorr  .         Reflect  .     (no gloves)
SustAt .         Harm     .     (no boots)
MR     .....                    (no amulet)
Stlth  ++........               (no ring)
                                m - ring of protection from cold

@: very slightly contaminated, not resistant to hostile enchantments, unstealthy
A: no striking features
a: no special abilities


You were on level 4 of the Dungeon.
You were hungry.

You visited 1 branch of the dungeon, and saw 4 of its levels.

You collected 74 gold pieces.

Inventory:

Hand Weapons
 g - a +1 dagger (weapon)
Armour
 a - a +0 robe (worn)
Jewellery
 m - a ring of protection from cold (left hand)
Wands
 k - a wand of hasting (4/9)
 o - a wand of slowing (31/48)
Scrolls
 d - a scroll of enchant armour {unknown}
 j - 6 scrolls of remove curse
 n - a scroll of identify {unknown}
 r - a scroll of fog {unknown}
Potions
 e - a potion of haste
 f - 2 potions of brilliance
 h - a potion of berserk rage {unknown}
 i - a potion of curing
 p - a potion of magic {unknown}
Books
 b - a book of Conjurations

   Spells                             Type                      Level
   a - Magic Dart                     Conjuration                  1
   b - Searing Ray                    Conjuration                  2
   c - Dazzling Spray                 Conjuration/Hexes            3
   d - Fulminant Prism                Conjuration/Hexes            4
   e - Iskenderun's Mystic Blast      Conjuration                  4
   f - Iskenderun's Battlesphere      Conjuration/Charms           5
Comestibles
 c - a bread ration


   Skills:
 + Level 2.0 Fighting
 + Level 4.4 Dodging
 - Level 2.1 Stealth
 + Level 4.2 Spellcasting
 + Level 5.7 Conjurations


You had 7 spell levels left.
You knew the following spells:

 Your Spells              Type           Power        Failure   Level  Hunger
a - Magic Dart            Conj           ###.         1%          1    None
b - Searing Ray           Conj           ###...       1%          2    ##.....
c - Dazzling Spray        Conj/Hex       ##....       17%         3    ###....


Dungeon Overview and Level Annotations

Branches:
Dungeon (4/15)
 Temple: D:4-7

Altars:
Ashenzari


Message History

Found a scroll of remove curse.
You see here a scroll labeled MOERHYFAJO.
Casting: Dazzling Spray
Confirm with . or Enter, or press ? or * to list all spells.
Aiming: Dazzling Spray
Press: ? - help, Shift-Dir - straight line, f/p - troll
Aim: a troll The spray of energy hits the troll.
The troll is lightly wounded.
A worm comes into view.
Read which item? (? for menu, Esc to quit)
As you read the scroll labeled MOERHYFAJO, it crumbles to dust.
It is a scroll of enchant weapon.
Enchant which weapon? (? for menu, Esc to quit)
Your +0 dagger glows red for a moment.
The troll bites you. The troll claws you. The troll claws you!
The troll bites you!
* * * LOW HITPOINT WARNING * * *
The troll completely misses you. The troll claws you!
You die...

######.........#
######...##
######### #...#
#.w.....# #...#
#.......# #...#
#.......# #...#
#.......########...#
#.......T..........#
#......@...........#
#................###
#................#
#..........?.....#
#................#
#................#
########..?......# #
########### # #


You could see a troll and a worm (sleeping).

Vanquished Creatures
  Sigmund (D:2)
  Terence (D:2)
  6 adders
  An ooze (D:1)
  5 dart slugs
  5 giant geckos
  An orc (D:3)
  3 giant cockroaches
  7 goblins
  5 hobgoblins
  5 jackals
  2 ball pythons
  8 bats
  3 giant newts (D:2)
  15 kobolds
  7 rats
75 creatures vanquished.

Notes
Turn   | Place    | Note
--------------------------------------------------------------
     0 | D:1      | Mesmaeker13 the High Elf Conjurer began the quest for the Orb.
     0 | D:1      | Reached XP level 1. HP: 11/11 MP: 4/4
   512 | D:1      | Reached XP level 2. HP: 17/17 MP: 3/6
  1105 | D:1      | Found a shattered altar of Ashenzari.
  1270 | D:1      | Reached XP level 3. HP: 16/21 MP: 6/8
  1710 | D:2      | Learned a level 2 spell: Searing Ray
  1915 | D:2      | Reached skill level 5 in Conjurations
  1931 | D:2      | Noticed Terence
  2238 | D:2      | Learned a level 3 spell: Dazzling Spray
  2271 | D:2      | Killed Terence
  2271 | D:2      | Reached XP level 4. HP: 19/27 MP: 0/10
  2737 | D:2      | Noticed Sigmund
  2933 | D:2      | Killed Sigmund
  2933 | D:2      | Reached skill level 1 in Fighting
  2933 | D:2      | Reached XP level 5. HP: 4/34 MP: 3/12
  3427 | D:3      | Reached XP level 6. HP: 39/39 MP: 9/13
  4493 | D:4      | Noticed a troll
  4533 | D:4      | Slain by a troll

Skill      XL: |  1  2  3  4  5  6 |
---------------+-------------------+-----
Spellcasting   | 3 4 |  4.2
Dodging        | 3 4 |  4.4
Conjurations   | 5 |  5.7
Fighting       | 1 2 |  2.0
Stealth        | |  2.1

Action                   |  1- 3 |  4- 6 || total
-------------------------+-------+-------++-------
Melee: Whip              |    24 |       ||    24
       Dagger            |     8 |    33 ||    41
       Hand axe          |       |     7 ||     7
 Cast: Magic Dart        |    61 |    46 ||   107
       Searing Ray       |     4 |     9 ||    13
       Dazzling Spray    |       |     1 ||     1
  Use: Potion            |     3 |     2 ||     5
       Scroll            |     2 |     2 ||     4
 Stab: Sleeping          |     4 |     2 ||     6
  Eat: Chunk             |     4 |     7 ||    11
Armor: Robe              |     9 |     7 ||    16
Dodge: Dodged            |    28 |    53 ||    81
